Kradschützen Motorcycle Team
Selects Panzerjäger Kommand Battlegroup
Construct Light Support Kompanie
Construct Mechanized Kompanie
Marder III Tank Destroyer
254 Reconnaissance Tractor
Selects Defensive Positions
Selects Butterfly Bomb Drop
Selects Crew Shock Tactics
Marder III Tank Destroyer
Construct Panzerarmee Kommand
Selects Elefant Tank Destroyer
Marder III Tank Destroyer
254 Reconnaissance Tractor
254 Reconnaissance Tractor
254 Reconnaissance Tractor